 Dungeon Crawl Stone Soup version 0.23.2-1-ga50397a6bc (webtiles) character file.

Game seed: 13033374641062086520

1152 Marnok the Firebug (level 7, -5/53 HPs)
             Began as a Demigod Fire Elementalist on Apr 16, 2019.
             Shot with a sling bullet by Joseph (7 damage)
             ... on level 7 of the Dungeon.
             The game lasted 00:30:05 (6494 turns).

Marnok the Firebug (Demigod Fire Elementalist)      Turns: 6494, Time: 00:30:07

Health: -5/53      AC:  8    Str: 11    XL:     7   Next: 93%
Magic:  4/15       EV: 12    Int: 21    God:
Gold:   235        SH: 11    Dex: 21    Spells: 6/13 levels left

rFire    + + +     SeeInvis .   h - +1 whip (flame)
rCold    . . .     Gourm    .   s - +2 shield
rNeg     . . .     Faith    .   d - +2 robe {MR+}
rPois    +         Spirit   .   t - +0 helmet of the Game of Kings {*Contam rPois rF+++ MR+}
rElec    .         Reflect  .   E - +0 cloak
rCorr    .         Harm     .   (no gloves)
MR       ++...     Clarity  +   (no boots)
Stlth    +++.......             (no amulet)
HPRegen  0.17/turn              m - +5 ring of slaying
MPRegen  0.14/turn              n - +3 ring of dexterity

@: about to teleport, very slightly contaminated, hasted (expiring), very quick
A: thin metallic scales 1, blurry vision 1, clarity, high mp 1, sense
surroundings 1
a: no special abilities


You were on level 7 of the Dungeon.
You were not hungry.

You visited 1 branch of the dungeon, and saw 7 of its levels.

You collected 465 gold pieces.
You spent 230 gold pieces at shops.

Inventory:

Hand Weapons
 h - a +1 whip of flaming (weapon)
 w - a +0 trident of venom
 x - a +2 dagger of venom
 B - a +2 trident of venom
 D - a +3 quarterstaff of chaos
 F - a cursed -2 mace
 G - a +0 mace of protection
Missiles
 C - 5 tomahawks (quivered)
Armour
 d - a +2 robe of magic resistance (worn)
 r - a +0 large shield
 s - a +2 shield (worn)
 t - the +0 helmet of the Game of Kings (worn) {*Contam rPois rF+++ MR+}
   (You took it off Robin on level 3 of the Dungeon)

   It renders you almost immune to fire.
   It protects you from poison.
   It affects your resistance to hostile enchantments.
   It causes magical contamination when unequipped.
 E - a +0 cloak (worn)
Magical Staves
 f - an uncursed staff of cold
Jewellery
 l - an uncursed ring of ice
 m - a +5 ring of slaying (left hand)
 n - a +3 ring of dexterity (right hand)
 u - a cursed ring of teleportation
 H - an uncursed amulet of magic regeneration {unknown}
Wands
 o - a wand of digging (4)
Scrolls
 b - 2 scrolls of amnesia
 e - a scroll of blinking
 j - 4 scrolls of remove curse
 p - a scroll of teleportation
 y - a scroll of enchant weapon {unknown}
 A - 2 scrolls of identify
Potions
 g - 2 potions of flight
 i - 2 potions of brilliance
 k - a potion of ambrosia
Comestibles
 c - 14 rations


   Skills:
 + Level 1.8 Fighting
 + Level 3.6 Maces & Flails
 + Level 3.4 Dodging
 + Level 3.0 Stealth
 + Level 2.4 Shields
 + Level 3.7 Spellcasting
 + Level 3.0 Conjurations
 + Level 4.4 Fire Magic


You had 6 spell levels left.
You knew the following spells:

 Your Spells              Type           Power        Failure   Level  Hunger
a - Conjure Flame         Conj/Fire      ###.....     36%         3    ###....
b - Throw Flame           Conj/Fire      ###...       21%         2    ##.....
c - Blink                 Tloc           N/A          67%         2    ##.....

Your spell library contained the following spells:

 Spells                   Type           Power        Failure   Level  Hunger
 Flame Tongue             Conj/Fire      ###..        13%         1    None
 Magic Dart               Conj           ###.         19%         1    None
 Shock                    Conj/Air       ##..         32%         1    None
 Corona                   Hex            #......      52%         1    None
 Inner Flame              Hex/Fire       ##......     58%         3    ###....
 Call Imp                 Summ           #.......     67%         2    ##.....
 Ensorcelled Hibernation  Hex/Ice        #.....       67%         2    ##.....
 Slow                     Hex            #.......     67%         2    ##.....
 Swiftness                Chrm/Air       #.......     67%         2    ##.....
 Dazzling Spray           Conj/Hex       ##....       69%         3    ###....
 Static Discharge         Conj/Air       ##......     69%         3    ###....
 Mephitic Cloud           Conj/Pois/Air  #.......     77%         3    ###....
 Sticky Flame             Conj/Fire      ###.....     78%         4    ####...
 Confuse                  Hex            #.......     88%         3    ###....
 Tukima's Dance           Hex            #.......     88%         3    ###....
 Fireball                 Conj/Fire      ###.......   98%         5    ######.
 Airstrike                Air            #.........   99%         4    ####...
 Lightning Bolt           Conj/Air       ##........   100%        5    ######.


Dungeon Overview and Level Annotations

Branches:
Dungeon (7/15)
 Temple: D:4-7

Shops:
D:4 *[(?=

Annotations:
D:7 Joseph


Innate Abilities, Weirdness & Mutations

You have an increased reservoir of magic. (+10% MP)
You are partially covered in thin metallic scales. (AC +2)
Scrolls take you a little longer to read.
You possess an exceptional clarity of mind.
You passively map a small area around you.


Message History

Joseph hits you with a +5 quarterstaff of protection!
* * * LOW HITPOINT WARNING * * *
You closely miss Joseph.
Joseph is almost dead.
The adder hisses angrily.
You hit Joseph. You burn Joseph.
Joseph is almost dead.
Joseph hits you with a +5 quarterstaff of protection!
* * * LOW HITPOINT WARNING * * *
Really read with blurry vision while enemies are nearby?
You begin reading the scroll.
You continue reading the scroll.
As you read the scroll of teleportation, it crumbles to dust.
You feel strangely unstable.
Your extra speed is starting to run out.
You flicker back into view.
Joseph says, "I'm here to kill trespassers.
I like my job."
Joseph unwields a +5 quarterstaff of protection.
Joseph wields a +0 hunting sling.
Joseph shoots a sling bullet.
The sling bullet hits you!
You die...

####* ### ####.. ..#
##.##.#***#.#
##...#.#####.#
#(..(@.Fr(r((#
##.@.#.#####.#######
##.##.#####........
#.##.......#######
#...######## # ##..
##* # * ##* *
*#.####### *
#....... , *#.#.##.
* * * #..##.


You could see Joseph, a bullfrog and 2 quokkas.

Vanquished Creatures
  2 centaurs (D:5)
  3 bullfrogs
  A water moccasin skeleton (D:7)
  A scorpion (D:5)
  A bullfrog zombie (D:6)
  A jelly (D:5)
  Crazy Yiuf (D:6)
  A bullfrog skeleton (D:5)
  3 hounds
  3 orc priests
  2 orc wizards
  3 worker ants (D:5)
  2 iguanas
  A hound zombie (D:5)
  A howler monkey zombie (D:5)
  Robin (D:3)
  3 gnolls
  4 adders
  A shadow imp (D:6)
  2 oozes
  2 adder skeletons
  2 worms
  2 dart slugs (D:3)
  A leopard gecko (D:4)
  9 orcs
  7 bats
  7 giant cockroaches
  11 goblins
  8 hobgoblins
  4 jackals (D:1)
  A quokka (D:2)
  2 ball pythons
  4 frilled lizards
  10 kobolds
  2 rats
109 creatures vanquished.

Notes
Turn   | Place    | Note
-------+----------+-------------------------------------------
     0 | D:1      | Marnok the Demigod Fire Elementalist began the quest for
                  | the Orb.
     0 | D:1      | Reached XP level 1. HP: 14/14 MP: 5/5
   106 | D:1      | Reached skill level 3 in Fire Magic
   265 | D:1      | Reached XP level 2. HP: 15/20 MP: 2/7
   665 | D:1      | Reached skill level 1 in Conjurations
   997 | D:2      | Learned a level 2 spell: Throw Flame
  1197 | D:2      | Reached XP level 3. HP: 26/26 MP: 3/8
  1244 | D:2      | Found a glowing golden altar of the Shining One.
  1249 | D:2      | Found a shattered altar of Ashenzari.
  2196 | D:3      | Reached XP level 4. HP: 34/34 MP: 2/10
  2320 | D:3      | Found a blossoming altar of Fedhas.
  2353 | D:3      | Noticed a fire elemental
  2362 | D:3      | Found a stormy altar of Qazlal.
  2364 | D:3      | Noticed an earth elemental
  2365 | D:3      | Noticed a water elemental
  2365 | D:3      | Noticed an air elemental
  2761 | D:4      | Found Dotall's Armour Shoppe.
  2788 | D:4      | Reached skill level 1 in Maces & Flails
  2836 | D:4      | Learned a level 3 spell: Conjure Flame
  2844 | D:4      | Gained mutation: You passively map a small area around you.
                  | [potion of mutation]
  2844 | D:4      | Gained mutation: You are partially covered in thin metallic
                  | scales. (AC +2) [potion of mutation]
  2844 | D:4      | Gained mutation: Scrolls take you a little longer to read.
                  | [potion of mutation]
  2844 | D:4      | Gained mutation: You possess an exceptional clarity of
                  | mind. [potion of mutation]
  2927 | D:4      | Bought a +2 robe of magic resistance for 194 gold pieces
  2978 | D:4      | Found Syedgheux's General Store.
  3013 | D:4      | Reached XP level 5. HP: 20/39 MP: 5/11
  3163 | D:4      | Found Rikuiclo's Antique Weapon Emporium.
  3165 | D:4      | Found Xifeimuekk's Magic Scroll Boutique.
  3187 | D:4      | Bought a scroll of teleportation for 36 gold pieces
  3258 | D:4      | Found Dapluesm's Jewellery Shoppe.
  3483 | D:4      | Identified the +0 helmet of the Game of Kings {*Contam
                  | rPois rF+++ MR+}
  3483 | D:4      | Noticed Robin
  3702 | D:3      | Killed Robin
  3970 | D:5      | Entered Level 5 of the Dungeon
  4009 | D:5      | Reached skill level 1 in Fighting
  4009 | D:5      | Reached XP level 6. HP: 25/47 MP: 5/13
  4111 | D:5      | Reached skill level 1 in Shields
  4142 | D:5      | Reached skill level 4 in Fire Magic
  4955 | D:5      | Reached XP level 7. HP: 52/52 MP: 2/15
  5276 | D:5      | Found an ornate altar of the Wu Jian Council.
  5653 | D:6      | Found a runed translucent door.
  5654 | D:6      | Noticed Crazy Yiuf
  5663 | D:6      | Killed Crazy Yiuf
  5867 | D:6      | Found a bloodstained altar of Trog.
  5892 | D:6      | Found a hazy altar of Hepliaklqana.
  5893 | D:6      | Found a shimmering altar of Xom.
  5894 | D:6      | Noticed a spectral ugly thing
  5941 | D:6      | Found a radiant altar of Vehumet.
  5962 | D:6      | Found a white marble altar of Elyvilon.
  6319 | D:6      | Learned a level 2 spell: Blink
  6441 | D:7      | Noticed Joseph
  6491 | D:7      | HP: 2/53 [Joseph/+5 quarterstaff of protection (10)]
  6494 | D:7      | Shot with a sling bullet by Joseph

Skill      XL: |  1  2  3  4  5  6  7 |
---------------+----------------------+-----
Stealth        | 2 3 |  3.0
Fire Magic     | 3 4 |  4.4
Dodging        | 2 3 |  3.4
Conjurations   | 1 2 3 |  3.0
Spellcasting   | 2 3 |  3.7
Maces & Flails | 1 2 3 |  3.6
Fighting       | 1 |  1.8
Shields        | 1 2 |  2.4

Action                   |  1- 3 |  4- 6 |  7- 9 || total
-------------------------+-------+-------+-------++-------
Melee: Unarmed           |    20 |       |       ||    20
       Whip              |    35 |   204 |    74 ||   313
 Cast: Flame Tongue      |    45 |       |       ||    45
       Throw Flame       |    19 |    53 |    24 ||    96
       Conjure Flame     |       |     1 |       ||     1
  Use: Scroll            |     3 |    15 |     2 ||    20
       Potion            |       |     6 |     3 ||     9
 Stab: Sleeping          |     1 |       |     2 ||     3
       Invisible         |       |       |     7 ||     7
  Eat: Chunk             |     6 |    12 |     7 ||    25
Armor: Robe              |    20 |    57 |    16 ||    93
Dodge: Dodged            |    63 |    91 |    42 ||   196
Block: Shield            |       |   122 |    44 ||   166
